 Dungeon Crawl Stone Soup version 0.17-a0-1651-gae1a69f (webtiles) character file.

735 Grimur the Skirmisher (level 7, 0/84 HPs)
             Began as a Minotaur Berserker on Aug 14, 2015.
             Was a Priest of Trog.
             Slain by HEYYEYAAE's ghost (11 damage)
             ... on level 6 of the Dungeon.
             The game lasted 00:20:56 (5036 turns).

Grimur the Skirmisher (Minotaur Berserker)          Turns: 5036, Time: 00:20:56

Health: 0/84       AC:  8    Str: 27    XL:     7   Next: 45%
Magic:  6/6        EV: 10    Int:  4    God:    Trog [***...]
Gold:   270        SH:  0    Dex: 13    Spells: 0 memorised, 6 levels left

rFire  . . .     SeeInvis .     p - +0 flail
rCold  . . .     Clarity  .     j - +0 chain mail
rNeg   . . .     SustAt   +     (no shield)
rPois  +         Gourm    +     (helmet restricted)
rElec  .         Spirit   .     l - +0 cloak {rPois}
rCorr  .         Warding  .     (no gloves)
rMut   .         Stasis   .     v - +0 pair of boots
MR     .....                    s - amulet of the gourmand
Stlth  ..........               (no ring)
                                w - ring of sustain attributes

@: berserking, very quick, not resistant to hostile enchantments, extremely
unstealthy
A: retaliatory headbutt, horns 2, agile 1, deformed body, frail 1
a: Burn Spellbooks, Berserk, Trog's Hand, Renounce Religion


You were on level 6 of the Dungeon.
You worshipped Trog.
Trog was most pleased with you.
You were not hungry.

You visited 2 branches of the dungeon, and saw 7 of its levels.

You collected 270 gold pieces.

Inventory:

Hand weapons
 a - a +1 hand axe
 b - a +0 whip
 m - a +1 hammer of holy wrath
 n - a +2 quarterstaff of chaos
 p - a +0 flail (weapon)
Missiles
 h - 2 tomahawks (quivered)
Armour
 j - a +0 chain mail (worn)
 l - a +0 cloak of poison resistance (worn)
 v - a +0 pair of boots (worn)
Jewellery
 s - an amulet of the gourmand (around neck)
 w - a ring of sustain attributes (left hand)
Magical devices
 e - a wand of fireball (2)
 i - a wand of frost (35)
 k - a wand of disintegration (1)
 o - a wand of random effects (24)
 u - a wand of teleportation (7)
Scrolls
 x - a scroll of remove curse
Potions
 g - 4 potions of curing
 r - a potion of brilliance
 t - a potion of might
Comestibles
 c - 2 bread rations
 d - a fruit
 f - 2 meat rations


   Skills:
 * Level 6.2 Fighting
 + Level 5.9(6.6) Axes
 * Level 4.2(5.7) Maces & Flails
 + Level 4.4 Armour
 + Level 4.1 Dodging


You had 6 spell levels left.
You didn't know any spells.

Dungeon Overview and Level Annotations

Branches:
Dungeon (6/15)             Temple (1/1) D:4

Altars:
Cheibriados
Dithmenos
Elyvilon
Kikubaaqudgha
Makhleb
Nemelex Xobeh
Okawaru
Qazlal
Ru
Sif Muna
Trog
Vehumet
Xom
Yredelemnul
Zin
The Shining One

Shops:
D:4 %

Annotations:
D:6 HEYYEYAAE's ghost, experienced DDCK


Innate Abilities, Weirdness & Mutations

You reflexively headbutt those who attack you in melee.
You have a pair of horns on your head.
You are agile. (Dex +2)
Armour fits poorly on your strangely shaped body.
You are frail (-10% HP).


Message History

HEYYEYAAE's ghost is lightly damaged.
HEYYEYAAE's ghost hits you!
You hit HEYYEYAAE's ghost but do no damage.
You headbutt HEYYEYAAE's ghost, but do no damage.
HEYYEYAAE's ghost is lightly damaged.
HEYYEYAAE's ghost hits you!
* * * LOW HITPOINT WARNING * * *
HEYYEYAAE's ghost hits you but does no damage.
Use which ability? (? or * to list)
A red film seems to cover your vision as you go berserk!
You feel yourself moving faster!
You feel mighty!
You feel somewhat more hungry. HEYYEYAAE's ghost hits you!
* * * LOW HITPOINT WARNING * * *
You barely miss HEYYEYAAE's ghost. Your headbutt misses HEYYEYAAE's ghost.
HEYYEYAAE's ghost is lightly damaged.
You miss HEYYEYAAE's ghost.
HEYYEYAAE's ghost is lightly damaged.
HEYYEYAAE's ghost says, "Are you sure you're pointing that wand in the right direction?"
HEYYEYAAE's ghost hits you!
You die...

+....#.#.###### ..
####.#.#.##... ..
#.#.#.##.###.
#>..........
#..##.##...#
#......+...+
.......##.##...#
........#.##...####..#
....####.#....#@.......
.... (####.#W.####..
... .# #.#..# ## .#
#.#..# ..#..# ###...
.... #.#..


You could see HEYYEYAAE's ghost.

Vanquished Creatures
  An ice beast (D:5)
  A sky beast (D:5)
  A killer bee (D:5)
  A giant frog zombie (D:5)
  A gnoll shaman (D:4)
  A crimson imp (D:5)
  A quasit (D:5)
  Crazy Yiuf (D:2)
  An orc wizard (D:3)
  Jessica (D:2)
  An iguana (D:4)
  3 worker ants
  8 adders
  4 gnolls (D:4)
  An adder skeleton (D:4)
  4 worms
  7 orcs
  3 bats
  11 goblins
  6 hobgoblins
  4 jackals (D:2)
  A quokka (D:5)
  3 giant cockroaches
  A giant gecko (D:2)
  2 giant gecko skeletons (D:4)
  6 giant newts
  7 kobolds
  11 rats
93 creatures vanquished.

Notes
Turn   | Place    | Note
--------------------------------------------------------------
     0 | D:1      | Grimur the Minotaur Berserker began the quest for the Orb.
     0 | D:1      | Reached XP level 1. HP: 19/19 MP: 0/0
   471 | D:1      | Reached skill level 4 in Axes
   471 | D:1      | Reached XP level 2. HP: 27/27 MP: 1/1
   961 | D:2      | Reached XP level 3. HP: 33/33 MP: 2/2
  1016 | D:2      | Acquired Trog's second power
  1041 | D:2      | Noticed Jessica
  1047 | D:2      | Killed Jessica
  1276 | D:2      | Reached XP level 4. HP: 39/41 MP: 3/3
  1591 | D:2      | Noticed Crazy Yiuf
  1602 | D:2      | Killed Crazy Yiuf
  1602 | D:2      | Reached skill level 5 in Axes
  1635 | D:2      | You fall through a shaft for 2 floors!
  1769 | D:4      | Found a staircase to the Ecumenical Temple.
  1791 | D:4      | Reached XP level 5. HP: 47/47 MP: 4/4
  1892 | D:4      | Found Ylaqif's Food Shop.
  1946 | D:4      | Found a deep blue altar of Sif Muna.
  2273 | D:4      | Reached skill level 5 in Fighting
  2273 | D:4      | Reached skill level 1 in Maces & Flails
  2429 | D:4      | Reached XP level 6. HP: 56/56 MP: 5/5
  3342 | D:3      | Found a sparkling altar of Nemelex Xobeh.
  3934 | D:3      | Found a stormy altar of Qazlal.
  3945 | D:3      | Found an ancient bone altar of Kikubaaqudgha.
  4024 | Temple   | Entered the Ecumenical Temple
  4221 | D:5      | Entered Level 5 of the Dungeon
  4302 | D:5      | Reached XP level 7. HP: 60/62 MP: 6/6
  4486 | D:5      | Reached skill level 6 in Fighting
  4751 | D:5      | Gained mutation: You are frail (-10% HP). [potion of mutation]
  4751 | D:5      | Gained mutation: You are agile. (Dex +2) [potion of mutation]
  4751 | D:5      | Gained mutation: Armour fits poorly on your strangely shaped body. [potion of mutation]
  5023 | D:6      | Noticed HEYYEYAAE's ghost (experienced DDCK)
  5036 | D:6      | Slain by HEYYEYAAE's ghost

Vault maps used:
D:1:      sevenhm_arrival_forest_fort_small_1, minmay_misc_feat_diagonals
D:2:      uniq_crazy_yiuf_cottage, uniq_jessica
D:3:      minitemple, lemuel_crystal_altar, minmay_strange_pillars
D:4:      lemuel_crystal_altar, serial_shops, shop, first_bread
D:6:      overflow_temple_1_default, uniq_sigmund
Temple:   oiseaux_autumnal_temple_12

Action                   |  1- 3 |  4- 6 |  7- 9 || total
-------------------------+-------+-------+-------++-------
Melee: Hand axe          |    46 |    44 |       ||    90
       Flail             |       |   117 |    41 ||   158
Invok: Berserk           |     1 |     2 |     1 ||     4
Evoke: Wand              |       |       |     2 ||     2
  Use: Potion            |     4 |     6 |     1 ||    11
       Scroll            |     3 |     1 |     3 ||     7
  Eat: Chunk             |     2 |     7 |     1 ||    10
       Bread ration      |       |     1 |     1 ||     2
